 Dungeon Crawl Stone Soup version 0.29-a0-541-gaf1fc19f1b (webtiles) character file.

Game seed: 8781867677334915572

45 testman the Cudgeller (level 4, 0/40 HPs)
             Began as a Meteoran Cinder Acolyte on June 2, 2022.
             Was a High Priest of Ignis.
             Succumbed to an adder's poison
             ... on level 2 of the Dungeon.
             The game lasted 00:02:33 (333 turns).

testman the Cudgeller (Meteoran Cinder Acolyte)      Turns: 333, Time: 00:02:33

Health: 0/40       AC:  9    Str: 18    XL:     4   Next: 12%
Magic:  6/7        EV: 11    Int: 15    God:    Ignis [*****.]
Gold:   19         SH:  0    Dex:  9    Spells: 3/5 levels left

rFire   + . .      SeeInvis .   a - -1 mace (flame)
rCold   . . .      Faith    .   (no shield)
rNeg    . . .      Spirit   .   b - +0 robe
rPois   .          Reflect  .   (no helmet)
rElec   .          Harm     .   (no cloak)
rCorr   .          Rampage  .   (no gloves)
Will    .....                   (no boots)
Stlth   +.........              (no amulet)
HPRegen 0.13/turn               (no ring)
MPRegen 0.10/turn               (no ring)

@: lethally poisoned (0 -> -3), fiery-armoured, very slightly contaminated,
glowing
A: sense surroundings 1, otherworldly, glowing, explore regen
a: Renounce Religion, Fiery Armour, Foxfire Swarm, Rising Flame


You were on level 2 of the Dungeon.
You worshipped Ignis.
Ignis was extremely pleased with you.
You visited 1 branch of the dungeon, and saw 2 of its levels.

You collected 19 gold pieces.

Inventory:

Hand Weapons
 a - a -1 mace of flaming (weapon)
Armour
 b - a +0 robe (worn)
Scrolls
 d - a scroll of teleportation


   Skills:
 + Level 4.1 Fighting
 + Level 4.9 Maces & Flails
 - Level 1.3 Spellcasting
 - Level 4.0 Fire Magic


You had 3 spell levels left.
You knew the following spells:

 Your Spells              Type           Power      Damage    Failure   Level
a - Scorch                Fire           26%        2d6       7%          2

Your spell library contained the following spells:

 Spells                   Type           Power      Damage    Failure   Level


Dungeon Overview and Level Annotations

Branches:
Dungeon (2/15)

Altars:


Innate Abilities, Weirdness & Mutations

You passively map a small area around you.
You are easily found by Zot.
You glow in the dark.
You regain HP and MP as you explore.


Message History

You kill the quokka!
The adder bites you but does no damage.
The adder is burned by your cloak of flames.
You kill the adder!
Training target 4.0 for Fire Magic reached!
Your Fighting skill increases to level 4!
Your Fire Magic skill increases to level 4!
* * * LOW HITPOINT WARNING * * *
You feel sick. The giant cockroach barely misses you. The adder bites you.
* * * LOW HITPOINT WARNING * * *
The adder is burned by your cloak of flames.
You kill the adder!
The quokka barely misses you.
The giant cockroach bites you but does no damage.
The giant cockroach is burned by your cloak of flames.
You kill the giant cockroach!
You have reached level 4!
Things that are here:
an adder corpse; a jackal corpse It was a potion of magic.
Magic courses through your body.
* * * LOW HITPOINT WARNING * * *
You feel sick.
The quokka bites you but does no damage.
The quokka is burned by your cloak of flames.
You kill the quokka!
The dart slug launches a dart at you. The slug dart hits you.
* * * LOW HITPOINT WARNING * * *
Casting: Scorch (safe; 7% risk of failure)
Press: ? - help, Q - select action Dir - look around, f - activate You miscast Scorch.
You are very lightly contaminated with residual magic.
Nothing appears to happen.
* * * LOW HITPOINT WARNING * * *
You feel sick.
You aren't carrying any potions.
As you read the scroll labelled CITORI POXT, it crumbles to dust.
It is a scroll of identify.
d - a scroll of teleportation You die...

#.# #.......#..#. ,
#.#..##.......#.>..
*.##..#..........#.
, ..##..............
#># #....†)..... #.#
#.......w## ,
#.####........### ,
##.....#...†.....#.
##.........#@†......
*
#.........##!†.....#
#....)....##.†....##
#....††...##......#
#.........##......#*
#.....<...##........
#.........##......##
#.........#########
#.........# * ,


You could see a dart slug.

Vanquished Creatures
  3 adders (D:2)
  An endoplasm (D:1)
  A giant cockroach (D:2)
  3 jackals (D:2)
  2 quokkas (D:2)
  2 ball pythons (D:2)
  A bat (D:2)
  A frilled lizard (D:1)
  2 goblins (D:2)
  2 kobolds (D:1)
  A rat (D:2)
19 creatures vanquished.

Notes
Turn   | Place    | Note
-------+----------+-------------------------------------------
     0 | D:1      | testman the Meteoran Cinder Acolyte began the quest for the
                  | Orb.
     0 | D:1      | Reached XP level 1. HP: 19/19 MP: 3/3
   237 | D:2      | Reached XP level 2. HP: 14/26 MP: 5/5
   244 | D:2      | Learned a level 2 spell: Scorch
   296 | D:2      | Reached XP level 3. HP: 23/33 MP: 3/6
   331 | D:2      | Reached XP level 4. HP: 6/40 MP: 0/7
   331 | D:2      | HP: 2/40 [dart slug/slug dart (3)]
   333 | D:2      | Succumbed to an adder's poison

Illustrated notes

Levels and vault maps discovered:
D:1:      sevenhm_arrival_forest_fort_large_3, layout_loops_corners,
          amcnicky_mini_pool_small, hangedman_decor_diamond_cutter
D:2:      layout_rooms

Skill      XL: |  1  2  3 |
---------------+----------+-----
Fighting       | 4 |  4.1
Fire Magic     | 4 |  4.0
Maces & Flails | |  4.9
Spellcasting   | |  1.3

Action                   |  1- 3 |  4- 6 || total
-------------------------+-------+-------++-------
Melee: Mace              |    40 |       ||    40
       Punch             |     1 |       ||     1
 Cast: Scorch            |     5 |       ||     5
Invok: Fiery Armour      |     1 |       ||     1
  Use: Scroll            |       |     1 ||     1
       Potion            |       |     1 ||     1
Armor: Robe              |    20 |     1 ||    21
Dodge: Dodged            |    35 |       ||    35

Table legend: (Time is in decaauts)
 A = Elapsed time spent in this place.
 B = Non-inter-level travel time spent in this place.
 C = Inter-level travel time spent in this place.
 D = Time resting spent in this place.
 E = Time spent auto-exploring this place.
 F = Levels seen in this place.
 G = Mean time per level.
                   A        B        C        D        E       F      G
               +--------+--------+--------+--------+--------+-----+--------+
         Total |    340 |    340 |      0 |      0 |    216 |   2 |  170.0 |
       Dungeon |    340 |    340 |      0 |      0 |    216 |   2 |  170.0 |
               +--------+--------+--------+--------+--------+-----+--------+

Top non-repeatable levels by time:
     D:1: 235 daAuts
     D:2: 105 daAuts
